 Dungeon Crawl Stone Soup version 0.29.0-4-gdea44cf6ec (webtiles) character file.

Game seed: 12240211610797498166

5365 qw the Cleaver (level 10, -4/59 HPs)
             Began as a Gargoyle Berserker on Sept 4, 2022.
             Was an Elder of Trog.
             Slain by a gnoll
             ... wielding a +0 spear
             ... led by a gnoll bouda
              (5 damage)
             ... on level 8 of the Dungeon.
             The game lasted 00:02:41 (6853 turns).

qw the Cleaver (Gargoyle Berserker)                 Turns: 6853, Time: 00:02:41

Health: -4/59      AC: 25    Str: 25    XL:     10   Next: 65%
Magic:  10/10      EV: 10    Int:  8    God:    Trog [****..]
Gold:   285        SH:  0    Dex:  6    Spells: 9/9 levels left

rFire   + . .      SeeInvis +   Y - +0 war axe
rCold   + . .      Faith    .   (no shield)
rNeg    + . .      Spirit   .   d - +2 scale mail {rF+}
rPois   inf        Reflect  .   f - +0 helmet
rElec   +          Harm     .   (no cloak)
rCorr   .          Rampage  .   (no gloves)
Will    .....                   i - +0 pair of boots "Doonysibist" {rC+ Dex-3 Slay+2 Stlth+}
Stlth   +.........              k - amulet of regeneration
HPRegen 0.99/turn               j - ring of see invisible
MPRegen 0.12/turn               m - +4 ring of protection

@: on berserk cooldown, slowed, unable to read, very slow
A: sickness immunity, AC +7, negative energy resistance 1, electricity
resistance, torment resistance 1, petrification resistance, iridescent scales 1,
frail 1, inability to read after injury 1
a: Renounce Religion, Berserk, Trog's Hand, Brothers in Arms


You were on level 8 of the Dungeon.
You worshipped Trog.
Trog was greatly pleased with you.
You visited 1 branch of the dungeon, and saw 8 of its levels.
You also visited: Ossuary.

You collected 439 gold pieces.
You spent 154 gold pieces at shops.


Innate Abilities, Weirdness & Mutations

You are immune to sickness and miasma.
Your stone body is resilient. (AC +7)
You are immune to poison.
You resist negative energy. (rN+)
You are resistant to electric shocks. (rElec)
You are resistant to unholy torment.
You are immune to petrification.
You are partially covered in iridescent scales. (AC +2)
You are frail. (-10% HP)
You occasionally lose the ability to read scrolls when taking damage.


   Skills:
 - Level 9.0 Fighting
 + Level 11.0 Axes
 - Level 3.8 Throwing
 - Level 6.2 Armour
 - Level 1.5 Dodging


You had 9 spell levels left.
You didn't know any spells.
Your spell library was empty.

Inventory:

Hand Weapons
 g - a +0 flail
 Y - a +0 war axe (weapon)
Missiles
 p - 13 boomerangs (quivered)
Armour
 c - a +1 pair of boots
 d - a +2 scale mail of fire resistance (worn)
 f - a +0 helmet (worn)
 i - the +0 pair of boots "Doonysibist" (worn) {rC+ Dex-3 Slay+2 Stlth+}
   (You found it on level 2 of the Dungeon)

   Dex:       It affects your dexterity (-3).
   Slay:      It affects your accuracy & damage with ranged weapons and melee
   (+2).
   rC:        It protects you from cold.
   Stlth:     It makes you more stealthy.
 q - a +0 chain mail
Jewellery
 j - a ring of see invisible (left hand)
 k - an amulet of regeneration (around neck)
 m - a +4 ring of protection (right hand)
 x - a ring of positive energy
Scrolls
 s - a scroll of identify
Potions
 b - a potion of might
 e - a potion of resistance
 l - 2 potions of cancellation
 o - 3 potions of haste
 v - 3 potions of curing
 w - a potion of heal wounds {unknown}

Dungeon Overview and Level Annotations

Branches:
Dungeon (8/15)             Temple (0/1) D:6         Ossuary (visited)
   Lair: D:8-11

Altars:
Gozag
Makhleb
Vehumet
Xom

Shops:
D:5 :   D:6 *


Message History

The gnoll bouda is healed somewhat.
You closely miss the gnoll bouda.
The gnoll bouda is moderately wounded.
You barely miss the death yak. You hit the gnoll bouda.
The gnoll bouda is heavily wounded.
You slash the death yak!
Your attacks no longer feel as feeble.
The gnoll bouda barely misses you. The death yak gores you.
You closely miss the gnoll bouda.
The gnoll bouda is heavily wounded.
You hit the death yak. The death yak gores you.
The gnoll bouda hits you but does no damage.
You slice the gnoll bouda!!
You kill the gnoll bouda!
Trog accepts your kill.
You barely miss the death yak. You slash the death yak!
The death yak is moderately wounded.
You are no longer berserk.
You are exhausted.
You feel yourself slow down. The gnoll closely misses you.
The death yak gores you.
You hit the death yak but do no damage.
The death yak is moderately wounded.
The death yak barely misses you. The gnoll hits you but does no damage.
You slash the death yak!
The death yak is heavily wounded.
You barely miss the death yak.
The death yak gores you! x2; The gnoll hits you but does no damage.
The gnoll hits you from afar with a +0 spear.
The death yak gores you. x2
You hit the death yak but do no damage.
The death yak is heavily wounded.
You hit the death yak. The death yak gores you!
You feel threatened and lose the ability to read scrolls!
The gnoll hits you from afar with a +0 spear.
You die...

##..)..._.....#
..#)#.......#.### ##
#.#)#.......#...# .
....##.....##...#.#
#.#.####.####.#.#.#
#.#...............#
#.#.#......%#%..###
#.#.#...##.#...o######
#.##..#.....)Y@....#
#.....#..#.#YY######
####.#.##..gY..#
.........o#o#
.##.##..#...gg .
........#.#oY# ..
######)##..g.. #..


YYoY.# #.. ..Y... You could see 2 death yaks, 2 yaks, an orc wizard (invisible),
a gnoll and an orc.

Vanquished Creatures
  A death yak (D:8)
  Joseph (D:7)
  A gargoyle (D:7)
  Maggie (D:6)
  A komodo dragon (D:8)
  A wraith (Ossuary)
  A wyvern (D:8)
  9 yaks
  A steam dragon (D:7)
  Duvessa (D:6)
  A water moccasin (D:5)
  An ice beast (D:5)
  An ogre (D:5)
  A centaur (D:5)
  2 kobold brigands (D:8)
  A phantom (D:6)
  Blork the orc (D:6)
  A scorpion (D:4)
  4 wights (D:7)
  Dowan (D:6)
  5 howler monkeys
  A jelly (D:4)
  An orc priest (D:7)
  2 gnoll boudas
  2 hounds
  2 iguanas
  Natasha (thrice) (D:3)
  4 orc wizards (D:5)
  A mummy (Ossuary)
  9 adders
  5 gnolls
  3 river rats (D:4)
  An ufetubus (D:4)
  6 worms
  3 dart slugs
  17 orcs
  3 bats
  7 endoplasms
  3 giant cockroaches
  A goblin (D:4)
  2 hobgoblins (D:4)
  5 jackals
  14 kobolds
  6 quokkas
  A ball python (D:4)
  9 frilled lizards
  6 gnoll skeletons (Ossuary)
  5 kobold skeletons (Ossuary)
  14 orc skeletons (Ossuary)
  5 rats
178 creatures vanquished.

Notes
Turn   | Place    | Note
-------+----------+-------------------------------------------
     0 | D:1      | qw the Gargoyle Berserker began the quest for the Orb.
     0 | D:1      | Reached XP level 1. HP: 14/14 MP: 1/1
     0 | D:1      | 0 ||| qw: Version: 0.1-a-103-gd6f5d3a
     0 | D:1      | 0 ||| qw: Game counter: 5401
     0 | D:1      | 0 ||| qw: Always use a shield: true
     0 | D:1      | 0 ||| qw: Do Orc after D:15 true
     0 | D:1      | 0 ||| qw: Do second Lair branch before Depths: true
     0 | D:1      | 0 ||| qw: Lair rune preference: random
     0 | D:1      | 0 ||| qw: Plans: Normal
     0 | D:1      | 0 ||| PLANNING D:1-11
    94 | D:1      | 94 ||| Stepping ~*~*~tactically~*~*~ (hiding).
   196 | D:1      | 196 ||| Stepping ~*~*~tactically~*~*~ (hiding).
   208 | D:1      | Reached skill level 3 in Axes
   213 | D:1      | 213 ||| Stepping ~*~*~tactically~*~*~ (stealth).
   215 | D:1      | 215 ||| Stepping ~*~*~tactically~*~*~ (stealth).
   226 | D:1      | Reached XP level 2. HP: 8/19 MP: 2/2
   226 | D:1      | 226 ||| INVOKING Berserk.
   244 | D:1      | 244 ||| Stepping ~*~*~tactically~*~*~ (stealth).
   279 | D:1      | 279 ||| Stepping ~*~*~tactically~*~*~ (stealth).
   749 | D:1      | 749 ||| SWAPPING to +3 hand axe.
   792 | D:1      | 792 ||| DROPPING +0 hand axe.
   893 | D:1      | Found a faded altar of an unknown god.
   916 | D:1      | 916 ||| UPGRADING to +0 ring mail.
   926 | D:1      | 926 ||| DROPPING +0 animal skin.
   927 | D:1      | 927 ||| READING scroll labelled IMAROTZAIL.
   928 | D:1      | 928 ||| READING 2 scrolls labelled VUXAISACIMM.
   931 | D:1      | 931 ||| READING scroll labelled DAC ROEHOZEJEI.
   932 | D:1      | 932 ||| READING scroll labelled JUSSAI BUABUV.
   933 | D:1      | 933 ||| READING scroll labelled CAEX QIODIVONU.
   986 | D:2      | 986 ||| INVOKING Berserk.
  1128 | D:2      | Reached XP level 3. HP: 23/23 MP: 3/3
  1152 | D:2      | 1152 ||| Stepping ~*~*~tactically~*~*~ (hiding).
  1270 | D:2      | 1270 ||| INVOKING Berserk.
  1272 | D:2      | Reached skill level 4 in Axes
  1448 | D:2      | Identified the +0 pair of boots "Doonysibist" {rC+ Dex-3
                  | Slay+2 Stlth+}
  1719 | D:2      | Reached XP level 4. HP: 28/28 MP: 4/4
  2031 | D:2      | 2031 ||| UPGRADING to +0 pair of boots "Doonysibist" {rC+
                  | Dex-3 Slay+2 Stlth+}.
  2036 | D:2      | 2036 ||| UPGRADING to ring of see invisible.
  2037 | D:2      | 2037 ||| READING scroll labelled LEMEICWATIPP.
  2038 | D:2      | 2038 ||| READING scroll labelled JOAXOURU RASMI.
  2039 | D:2      | 2039 ||| READING scroll labelled VOESMO ATEPT.
  2040 | D:2      | 2040 ||| READING scroll labelled KITEUSHREEJ.
  2064 | D:3      | Noticed Natasha
  2065 | D:3      | 2065 ||| Stepping ~*~*~tactically~*~*~ (hiding).
  2067 | D:3      | 2067 ||| INVOKING Berserk.
  2071 | D:3      | Killed Natasha
  2080 | D:3      | 2080 ||| Stepping ~*~*~tactically~*~*~ (stealth).
  2083 | D:3      | 2083 ||| Stepping ~*~*~tactically~*~*~ (stealth).
  2084 | D:3      | 2084 ||| FLEEEEING.
  2085 | D:3      | 2085 ||| Stepping ~*~*~tactically~*~*~ (stealth).
  2086 | D:3      | 2086 ||| FLEEEEING.
  2087 | D:3      | 2087 ||| FLEEEEING.
  2088 | D:3      | 2088 ||| FLEEEEING.
  2092 | D:3      | 2092 ||| STAIRDANCE
  2194 | D:2      | 2194 ||| READING scroll labelled EMIUHOFETI.
  2202 | D:3      | Noticed Natasha
  2204 | D:3      | 2204 ||| Stepping ~*~*~tactically~*~*~ (stealth).
  2208 | D:3      | 2208 ||| INVOKING Berserk.
  2211 | D:3      | Killed Natasha
  2212 | D:3      | Reached skill level 5 in Axes
  2214 | D:3      | Reached XP level 5. HP: 32/32 MP: 5/5
  2518 | D:3      | Reached ** piety under Trog
  2569 | D:3      | 2569 ||| UPGRADING to +0 scale mail.
  2571 | D:3      | 2571 ||| UPGRADING to +0 scale mail.
  2573 | D:3      | 2573 ||| UPGRADING to +0 scale mail.
  2579 | D:3      | 2579 ||| UPGRADING to +0 ring mail.
  2590 | D:3      | 2590 ||| UPGRADING to +0 scale mail.
  2600 | D:3      | 2600 ||| DROPPING +0 ring mail.
  2601 | D:3      | 2601 ||| UPGRADING to +0 chain mail.
  2611 | D:3      | 2611 ||| DROPPING +0 scale mail.
  2616 | D:3      | Noticed Natasha
  2617 | D:3      | 2617 ||| UPGRADING to amulet of regeneration.
  2622 | D:3      | 2622 ||| INVOKING Berserk.
  2624 | D:3      | Killed Natasha
  2840 | D:3      | 2840 ||| READING scroll of enchant weapon.
  2840 | D:3      | 2840 ||| ENCHANTING +4 hand axe.
  3005 | D:3      | 3005 ||| UPGRADING to ring of positive energy.
  3006 | D:3      | 3006 ||| READING 2 scrolls labelled QOETIXIUXE.
  3007 | D:3      | 3007 ||| DROPPING scroll of vulnerability.
  3015 | D:4      | 3015 ||| PLANNING SEWER
  3140 | D:4      | Reached XP level 6. HP: 38/38 MP: 6/6
  3192 | D:4      | 3192 ||| SWAPPING to +0 war axe.
  3193 | D:4      | 3193 ||| DROPPING +5 hand axe.
  3229 | D:4      | 3229 ||| Stepping ~*~*~tactically~*~*~ (stealth).
  3236 | D:4      | 3236 ||| INVOKING Berserk.
  3238 | D:4      | Reached skill level 6 in Axes
  3254 | D:4      | 3254 ||| Stepping ~*~*~tactically~*~*~ (stealth).
  3290 | D:4      | Found a shimmering altar of Xom.
  3421 | D:4      | Reached skill level 3 in Armour
  3584 | D:4      | 3584 ||| RIP SEWER
  3592 | D:4      | 3592 ||| PLANNING D:1-11
  3719 | D:4      | 3719 ||| UPGRADING to +1 hat.
  3724 | D:4      | 3724 ||| UPGRADING to +4 ring of protection.
  3726 | D:4      | 3726 ||| DRINKING 2 glowing blue potions.
  3727 | D:4      | 3727 ||| DROPPING potion of brilliance.
  3764 | D:5      | Entered Level 5 of the Dungeon
  3781 | D:5      | Reached XP level 7. HP: 36/43 MP: 7/7
  3890 | D:5      | Reached skill level 1 in Throwing
  3894 | D:5      | 3894 ||| Stepping ~*~*~tactically~*~*~ (hiding).
  3914 | D:5      | Reached *** piety under Trog
  3926 | D:5      | Reached skill level 7 in Axes
  4051 | D:5      | Found an opulent altar of Gozag.
  4092 | D:5      | 4092 ||| Stepping ~*~*~tactically~*~*~ (hiding).
  4093 | D:5      | 4093 ||| Stepping ~*~*~tactically~*~*~ (hiding).
  4095 | D:5      | 4095 ||| Stepping ~*~*~tactically~*~*~ (hiding).
  4096 | D:5      | 4096 ||| Stepping ~*~*~tactically~*~*~ (hiding).
  4215 | D:5      | 4215 ||| FLEEEEING.
  4216 | D:5      | 4216 ||| FLEEEEING.
  4223 | D:5      | Noticed a yak
  4224 | D:5      | Noticed a yak
  4224 | D:5      | Noticed a yak
  4226 | D:5      | Noticed a yak
  4226 | D:5      | Noticed a yak
  4227 | D:5      | Noticed a yak
  4234 | D:5      | 4234 ||| INVOKING Berserk.
  4237 | D:5      | Killed a yak
  4238 | D:5      | Reached XP level 8. HP: 29/49 MP: 8/8
  4239 | D:5      | Killed a yak
  4240 | D:5      | Reached skill level 8 in Axes
  4242 | D:5      | Killed a yak
  4243 | D:5      | Reached skill level 6 in Fighting
  4244 | D:5      | Killed a yak
  4247 | D:5      | Killed a yak
  4249 | D:5      | Killed a yak
  4250 | D:5      | Reached skill level 9 in Axes
  4250 | D:5      | Reached XP level 9. HP: 27/55 MP: 9/9
  4383 | D:5      | 4383 ||| DROPPING +0 club.
  4480 | D:5      | Found Binienax's Book Shoppe.
  4559 | D:5      | 4559 ||| INVOKING Berserk.
  4765 | D:5      | 4765 ||| DROPPING amulet of the acrobat.
  4766 | D:5      | 4766 ||| READING scroll labelled EROQAONANA.
  4767 | D:5      | 4767 ||| DRINKING 2 fuming green potions.
  4768 | D:5      | 4768 ||| DRINKING 2 puce potions.
  4769 | D:5      | 4769 ||| DRINKING 2 silvery potions.
  4770 | D:5      | 4770 ||| DROPPING potion of flight.
  4771 | D:5      | 4771 ||| DROPPING potion of degeneration.
  4861 | D:6      | Noticed Duvessa
  4861 | D:6      | Noticed Dowan
  4864 | D:6      | 4864 ||| INVOKING Berserk.
  4870 | D:6      | Killed Duvessa
  4874 | D:6      | Killed Dowan
  4882 | D:6      | 4882 ||| Stepping ~*~*~tactically~*~*~ (stealth).
  5050 | D:6      | Found Naiz's Assorted Antiques.
  5055 | D:6      | 5055 ||| SHOPLISTING +8 orange crystal plate armour
                  | {Archmagi, Int+3 Clar} (4046 gold, have 318).
  5055 | D:6      | 5055 ||| BUYING helmet (126 gold).
  5055 | D:6      | Bought a helmet for 126 gold pieces
  5055 | D:6      | 5055 ||| BUYING scroll labelled KOEVOERRIA (28 gold).
  5055 | D:6      | Bought a scroll labelled KOEVOERRIA for 28 gold pieces
  5078 | D:6      | Noticed Maggie
  5079 | D:6      | 5079 ||| Stepping ~*~*~tactically~*~*~ (hiding).
  5093 | D:6      | HP: 10/57 [Maggie/bolt of fire (16)]
  5094 | D:6      | 5094 ||| READING 2 scrolls of teleportation.
  5097 | D:6      | HP: 3/57 [Maggie/+0 halberd (6)]
  5122 | D:6      | 5122 ||| INVOKING Berserk.
  5126 | D:6      | Killed Maggie
  5317 | D:6      | Noticed Blork the orc
  5318 | D:6      | 5318 ||| Stepping ~*~*~tactically~*~*~ (hiding).
  5320 | D:6      | 5320 ||| INVOKING Berserk.
  5323 | D:6      | Killed Blork the orc
  5483 | D:6      | Found a staircase to the Ecumenical Temple.
  5774 | D:6      | 5774 ||| UPGRADING to +2 scale mail of fire resistance.
  5784 | D:6      | 5784 ||| UPGRADING to +0 helmet.
  5794 | D:6      | 5794 ||| DROPPING +1 hat.
  5795 | D:6      | 5795 ||| DROPPING orb of guile.
  5796 | D:6      | 5796 ||| READING scroll labelled KOEVOERRIA.
  5797 | D:6      | 5797 ||| DRINKING 2 metallic amethyst potions.
  5797 | D:6      | Gained mutation: Your flesh is heat resistant. (rF+)
                  | [potion of mutation]
  5797 | D:6      | Gained mutation: You are frail. (-10% HP) [potion of
                  | mutation]
  5797 | D:6      | Gained mutation: You are partially covered in iridescent
                  | scales. (AC +2) [potion of mutation]
  5797 | D:6      | Gained mutation: You are partially covered in large bone
                  | plates. (SH +4) [potion of mutation]
  5798 | D:6      | 5798 ||| UPGRADING to +0 chain mail.
  5808 | D:6      | 5808 ||| DRINKING potion of mutation.
  5808 | D:6      | Lost mutation: Your flesh is heat resistant. (rF+) [potion
                  | of mutation]
  5808 | D:6      | Lost mutation: You are partially covered in large bone
                  | plates. (SH +4) [potion of mutation]
  5808 | D:6      | Gained mutation: You occasionally lose the ability to read
                  | scrolls when taking damage. [potion of mutation]
  5809 | D:6      | 5809 ||| UPGRADING to +2 scale mail of fire resistance.
  5819 | D:6      | 5819 ||| DRINKING 2 black potions.
  5820 | D:6      | 5820 ||| READING 2 scrolls of identify.
  5820 | D:6      | 5820 ||| IDENTIFYING bubbling clear potion
  5821 | D:6      | 5821 ||| DROPPING potion of invisibility.
  5822 | D:6      | 5822 ||| DROPPING potion of magic.
  5865 | D:7      | 5865 ||| PLANNING OSSUARY
  5885 | D:7      | Noticed Joseph
  5895 | D:7      | Killed Joseph
  5896 | D:7      | Reached skill level 10 in Axes
  5939 | D:7      | Found a sand-covered staircase.
  5940 | D:7      | 5940 ||| DRINKING 2 red potions.
  5949 | Ossuary  | Entered an ossuary
  6031 | Ossuary  | 6031 ||| READING 2 scrolls of teleportation.
  6057 | Ossuary  | 6057 ||| READING scroll of teleportation.
  6068 | Ossuary  | Reached **** piety under Trog
  6092 | Ossuary  | 6092 ||| Stepping randomly (stuck).
  6093 | Ossuary  | 6093 ||| Stepping randomly (stuck).
  6094 | Ossuary  | 6094 ||| Stepping randomly (stuck).
  6145 | Ossuary  | 6145 ||| READING scroll labelled OBA NIHUUPSEO.
  6156 | Ossuary  | 6156 ||| READING 2 scrolls of identify.
  6156 | Ossuary  | 6156 ||| IDENTIFYING sapphire potion
  6172 | D:7      | 6172 ||| PLANNING D:1-11
  6260 | D:7      | Reached XP level 10. HP: 57/57 MP: 10/10
  6311 | D:7      | Found a burning altar of Makhleb.
  6338 | D:7      | Noticed a gargoyle
  6339 | D:7      | 6339 ||| Stepping ~*~*~tactically~*~*~ (hiding).
  6350 | D:7      | Killed a gargoyle
  6351 | D:7      | Reached skill level 3 in Throwing
  6374 | D:7      | 6374 ||| INVOKING Berserk.
  6674 | D:7      | 6674 ||| READING 2 scrolls of identify.
  6674 | D:7      | 6674 ||| IDENTIFYING ruby potion
  6706 | D:8      | Found a radiant altar of Vehumet.
  6710 | D:8      | 6710 ||| Stepping ~*~*~tactically~*~*~ (stealth).
  6713 | D:8      | 6713 ||| Stepping ~*~*~tactically~*~*~ (stealth).
  6721 | D:8      | 6721 ||| Stepping ~*~*~tactically~*~*~ (stealth).
  6733 | D:8      | 6733 ||| Stepping ~*~*~tactically~*~*~ (stealth).
  6765 | D:8      | 6765 ||| INVOKING Berserk.
  6768 | D:8      | Reached skill level 11 in Axes
  6773 | D:8      | 6773 ||| Stepping ~*~*~tactically~*~*~ (stealth).
  6784 | D:8      | 6784 ||| Stepping ~*~*~tactically~*~*~ (stealth).
  6797 | D:8      | 6797 ||| Stepping ~*~*~tactically~*~*~ (stealth).
  6814 | D:8      | 6814 ||| Stepping ~*~*~tactically~*~*~ (stealth).
  6814 | D:8      | Noticed a death yak
  6814 | D:8      | Noticed a death yak
  6815 | D:8      | Noticed a death yak
  6816 | D:8      | 6816 ||| Stepping ~*~*~tactically~*~*~ (stealth).
  6817 | D:8      | 6817 ||| Stepping ~*~*~tactically~*~*~ (hiding).
  6827 | D:8      | Reached skill level 9 in Fighting
  6827 | D:8      | 6827 ||| INVOKING Berserk.
  6838 | D:8      | Killed a death yak
  6839 | D:8      | Reached skill level 6 in Armour
  6853 | D:8      | HP: 1/59 [death yak (16)]
  6853 | D:8      | Slain by a gnoll

Levels and vault maps discovered:
D:1:      wander_arrival_lonely_grave, layout_basic,
          hellmonk_ecumenical_altar_inner_sanctum, minmay_misc_feat_ornament,
          minmay_hexomino_c4
D:2:      layout_loops_ring
D:3:      layout_loops_cross, minmay_checkerbox, uniq_natasha
D:4:      layout_basic, tgw_xom, lightli_sewer_entry_pipes
D:5:      layout_basic, grunt_gozag_breadcrumbs, serial_shops, shop
D:6:      layout_basic, lemuel_temple_firewalk_b, serial_shops, shop,
          uniq_blork_the_orc, uniq_maggie, uniq_duvessa, uniq_grinder
D:7:      layout_gridville, mainiacjoe_overflow_paths, enter_ossuary_1,
          uniq_joseph
D:8:      layout_basic, old_standard_altar, dpeg_lair_monsters,
          nicolae_concentric_dashed_squares_mild

Skill      XL: |  1  2  3  4  5  6  7  8  9 10 |
---------------+-------------------------------+-----
Axes           | 3 4 5 6 7 9 10 11 | 11.0
Fighting       | 4 5 6 8 9 |  9.0
Armour         | 3 4 6 |  6.2
Throwing       | 1 2 3 |  3.8
Dodging        | |  1.5

Action                   |  1- 3 |  4- 6 |  7- 9 | 10-12 || total
-------------------------+-------+-------+-------+-------++-------
Melee: Hand axe          |    80 |    53 |       |       ||   133
       War axe           |       |    63 |   217 |    89 ||   369
       Punch             |       |       |     6 |       ||     6
Throw: Boomerang         |       |    36 |    37 |    16 ||    89
       Javelin           |       |     2 |    11 |     2 ||    15
Invok: Berserk           |     3 |     4 |     5 |     3 ||    15
  Use: Scroll            |     5 |     7 |     8 |     1 ||    21
       Potion            |       |     1 |     7 |       ||     8
Armor: Animal skin       |    16 |       |       |       ||    16
       Ring mail         |    18 |     9 |       |       ||    27
       Chain mail        |       |    39 |    80 |       ||   119
       Skin              |       |     1 |       |       ||     1
       Scale mail        |       |       |    29 |    44 ||    73
Dodge: Dodged            |    46 |    34 |    95 |    35 ||   210

Table legend:
 A = Non-vault XP
 B = Vault XP
 C = Vault XP percentage of total XP
 D = Non-vault monster count
 E = Vault monster count
 F = Vault count percentage of total count
                 A         B        C        D         E       F
            +---------+---------+-------+---------+---------+-------
      Total |    4592 |    3073 |  40.1 |     113 |      65 |  36.5
            +---------+---------+-------+---------+---------+-------
        D:1 |      13 |      13 |  50.0 |       8 |       6 |  42.9
        D:2 |      62 |       0 |   0.0 |      21 |       0 |   0.0
        D:3 |     149 |      52 |  25.9 |       9 |       5 |  35.7
        D:4 |     181 |     143 |  44.1 |      15 |      18 |  54.5
        D:5 |    1996 |       0 |   0.0 |      25 |       0 |   0.0
        D:6 |     240 |     700 |  74.5 |       8 |       4 |  33.3
        D:7 |    1086 |     466 |  30.0 |      10 |       1 |   9.1
        D:8 |     865 |    1451 |  62.7 |      17 |       4 |  19.0
    Ossuary |       0 |     248 | 100.0 |       0 |      27 | 100.0
            +---------+---------+-------+---------+---------+-------
